Map: Data-C

Players

DisReSpeCT

  • Race: Terran Terran
  • Spawn Location: 9:00

MaNa - Winner!

  • Race: Protoss Protoss
  • Spawn Location: 3:00

Event: DreamHack SC2 Masters 2022 Atlanta (Offline)

VOD

Have the link to the VOD?

Description

Time

  • Played on: Nov. 18, 2022, 10:23 a.m.
  • Length: 4:54

All games in this series

Show
View Real Time Build Order
Export as new Build Order

DisReSpeCT Terran 

Build Orders:  

Get SALT Encoding   

  12  0:00  SCV  
  13  0:12  SCV  
  14  0:17  Supply Depot  
  14  0:24  SCV  
  15  0:39  SCV  
  15  0:41  Barracks  
  16  0:47  Refinery  
  16  0:51  SCV  
  17  1:03  SCV  
  18  1:17  SCV  
  18  1:29  Orbital Command, Marine  
  19  1:46  Command Center  
  19  1:59  Factory  
  19  2:03  SCV  
  19  2:08  Barracks Reactor  
  20  2:16  SCV  
  20  2:19  Supply Depot  
  21  2:22  Refinery  
  21  2:28  SCV  
  22  2:37  Bunker  
  22  2:40  SCV  
  23  2:49  Hellion x2  
  27  2:53  SCV  
  27  2:58  Starport  
  28  3:17  Orbital Command  
  28  3:19  SCV  
  29  3:21  Widow Mine  
  31  3:29  Widow Mine  
  31  3:32  SCV  
  31  3:34  Medivac  
  36  3:40  Supply Depot  
  36  3:44  Widow Mine  
  38  3:50  SCV, Widow Mine  
  38  3:52  SCV  
  42  3:56  Barracks Tech Lab  
  42  4:02  SCV  
  43  4:04  SCV  
  40  4:18  Viking  
  43  4:25  SCV  
Show
View Real Time Build Order
Export as new Build Order

MaNa Protoss - Winner!

Build Orders: 1 Gate Expand, Oracle Opening 

Get SALT Encoding   

  12  0:00  Probe  
  13  0:12  Probe  
  14  0:18  Pylon  
  14  0:24  Probe (Chrono Boost)  
  15  0:37  Probe (Chrono Boost)  
  15  0:38  Gateway  
  16  0:45  Probe (Chrono Boost)  
  16  0:48  Assimilator  
  17  0:53  Probe  
  18  1:05  Probe  
  19  1:17  Probe  
  20  1:27  Cybernetics Core  
  20  1:29  Probe  
  21  1:42  Nexus  
  21  1:50  Pylon  
  21  1:53  Probe (Chrono Boost)  
  21  1:59  Assimilator  
  21  2:02  Probe (Chrono Boost)  
  21  2:05  Adept (Chrono Boost)  
  24  2:08  Probe  
  25  2:21  Probe  
  26  2:25  Stargate  
  26  2:33  Adept, Probe  
  29  2:38  Warp Gate  
  29  2:45  Probe  
  30  2:55  Probe  
  30  2:57  Probe  
  32  3:03  Adept  
  34  3:07  Probe  
  34  3:08  Oracle (Chrono Boost)  
  34  3:09  Probe  
  39  3:17  Shield Battery  
  39  3:21  Probe x2  
  41  3:33  Adept  
  44  3:42  Oracle (Chrono Boost)  
  46  3:50  Pylon  
  46  3:56  Gateway  
  46  4:01  Robotics Facility  
  46  4:04  Pylon  
  46  4:08  Probe x2  
  48  4:11  Pylon  
  48  4:20  Probe  
  48  4:22  Probe, Pylon  
  50  4:24  Pylon  
  50  4:26  Stalker  
  54  4:32  Probe  
  54  4:34  Probe  
  54  4:35  Pylon  
  56  4:39  Pylon  
  56  4:43  Assimilator  
  56  4:44  Assimilator  
Tags
 
Add a new tag
Caveats
  • Supply blocks, unpowered buildings, or Contaminate may cause inaccurate times.
  • Supply counts are checked every 10 seconds.